 Dungeon Crawl Stone Soup version 0.24.0-123-gd5b16e6ec5 (webtiles) character file.

Game seed: 127711968747297664, levelgen mode: deterministic

210372 snorg the Severer (level 18, 0/169 HPs)
             Began as a Hill Orc Monk on Jan 13, 2020.
             Was the Champion of Kikubaaqudgha.
             Killed from afar by a tengu reaver (25 damage)
             ... with a bolt of magma
             ... on level 3 of the Vaults on Jan 14, 2020.
             The game lasted 07:46:34 (43772 turns).

snorg the Severer (Hill Orc Monk)                  Turns: 43772, Time: 07:46:36

Health: 0/169      AC: 25    Str: 22    XL:     18   Next: 85%
Magic:  10/30      EV: 13    Int: 16    God:    Kikubaaqudgha [******]
Gold:   67         SH:  9    Dex: 21    Spells: 4/33 levels left

rFire    + . .     SeeInvis .   a - +1 broad axe (elec)
rCold    + + .     Gourm    .   m - +1 buckler
rNeg     + . .     Faith    .   H - +5 ice dragon scales of Kuarimiu {rF- rC++ Dex+3 Slay+3 Stlth-}
rPois    +         Spirit   .   (no helmet)
rElec    .         Reflect  +   W - +1 cloak {rPois}
rCorr    .         Harm     .   V - +1 pair of gloves {Dex+3}
MR       ++...                  (no boots)
Stlth    ..........             M - amulet "Winocoz" {Reflect rC+ MR+ Str+3 Dex+2 SH+2}
HPRegen  1.38/turn              Z - ring of Gozag's Supremacy {rF+ rC- rN+ Int+3}
MPRegen  0.22/turn              w - ring of protection from fire

@: death channel, regenerating (expiring)
A: no striking features
}: 1/15 runes: decaying
a: Receive Corpses, Torment, Renounce Religion


You were on level 3 of the Vaults.
You worshipped Kikubaaqudgha.
Kikubaaqudgha was exalted by your worship.
You were hungry.

You visited 6 branches of the dungeon, and saw 33 of its levels.

You collected 3098 gold pieces.
You spent 3031 gold pieces at shops.

Inventory:

Hand Weapons
 a - a +1 broad axe of electrocution (weapon)
 b - a +4 war axe of venom
Missiles
 f - 69 poisoned darts (quivered)
 v - 11 javelins
 A - 51 boomerangs
 C - 2 throwing nets
 K - 7 atropa-tipped darts
Armour
 i - a scarf of cloud immunity
 m - a +1 buckler (worn)
 H - the +5 ice dragon scales of Kuarimiu (worn) {rF- rC++ Dex+3 Slay+3 Stlth-}
   (You bought it in a shop on level 1 of the Vaults)

   It affects your dexterity (+3).
   It affects your accuracy and damage with ranged weapons and melee attacks
   (+3).
   It makes you vulnerable to fire.
   It greatly protects you from cold.
   It makes you less stealthy.
 O - the +2 chain mail "Cekhih Dufu" {rC+++ rN+ Int-3 Slay+2}
   (You found it on level 9 of the Dungeon)

   It affects your intelligence (-3).
   It affects your accuracy and damage with ranged weapons and melee attacks
   (+2).
   It renders you almost immune to cold.
   It protects you from negative energy.
 V - a +1 pair of gloves of dexterity (worn)
 W - a +1 cloak of poison resistance (worn)
Jewellery
 d - an uncursed ring of wizardry
 w - a ring of protection from fire (right hand)
 B - an uncursed ring of poison resistance
 G - an uncursed ring of positive energy
 J - an uncursed ring of protection from magic
 M - the amulet "Winocoz" (around neck) {Reflect rC+ MR+ Str+3 Dex+2 SH+2}
   (You found it on level 5 of the Lair of Beasts)

   [amulet of reflection]

   It shields you and reflects attacks.
   It affects your strength (+3).
   It affects your dexterity (+2).
   It protects you from cold.
   It affects your resistance to hostile enchantments.
   It affects your SH (+2).
 Z - the ring of Gozag's Supremacy (left hand) {rF+ rC- rN+ Int+3}
   (You found it on level 5 of the Lair of Beasts)

   [ring of intelligence]

   It affects your intelligence (+3).
   It protects you from fire.
   It makes you vulnerable to cold.
   It protects you from negative energy.
Wands
 j - a wand of disintegration (24)
 t - a wand of paralysis (31)
 E - a wand of acid (20)
 N - a wand of flame (30)
 R - a wand of iceblast (4)
 U - a wand of scattershot (7)
 Y - a wand of digging (4)
Scrolls
 e - a scroll of fog
 g - 13 scrolls of remove curse
 h - a scroll of identify
 l - 5 scrolls of summoning
 o - 2 scrolls of blinking
 p - 6 scrolls of fear
 q - 4 scrolls of teleportation
 y - a scroll of amnesia
 D - a scroll of silence
Potions
 c - a potion of berserk rage
 k - 3 potions of lignification
 n - 4 potions of might
 r - a potion of agility
 u - 9 potions of curing
 x - 2 potions of haste
 z - a potion of ambrosia
 L - 3 potions of flight
 P - 2 potions of cancellation
 S - 2 potions of brilliance
 T - a potion of resistance
 X - 4 potions of heal wounds
Miscellaneous
 s - a crystal ball of energy
Comestibles
 F - 27 rations
 I - a chunk of flesh


   Skills:
 - Level 17.0 Fighting
 - Level 18.0 Axes
 - Level 3.0 Throwing
 - Level 15.0 Armour
 - Level 4.0 Dodging
 - Level 1.5 Stealth
 - Level 4.0 Shields
 + Level 8.3 Spellcasting
 - Level 5.0 Charms
 + Level 16.1 Necromancy
 - Level 8.0 Earth Magic
 - Level 3.0 Evocations


You had 4 spell levels left.
You knew the following spells:

 Your Spells              Type           Power        Failure   Level  Hunger
b - Animate Skeleton      Necr           N/A          1%          1    None
c - Sublimation of Blood  Necr           ######....   1%          2    None
d - Animate Dead          Necr           N/A          1%          4    ###....
e - Regeneration          Chrm/Necr      #####.....   1%          3    #......
f - Dispel Undead         Necr           ######..     1%          5    #####..
g - Death Channel         Necr           ######....   4%          6    ######.
h - Borgnjor's Vile Clut  Necr/Erth      #####.....   4%          5    #####..
i - Vampiric Draining     Necr           ######....   1%          3    #......

Your spell library contained the following spells:

 Spells                   Type           Power        Failure   Level  Hunger
 Pain                     Necr           ####         1%          1    None
 Infusion                 Chrm           ###.         3%          1    None
 Song of Slaying          Chrm           ###.....     4%          2    None
 Shroud of Golubria       Chrm/Tloc      ##....       14%         2    None
 Beastly Appendage        Tmut           #.....       26%         1    None
 Corona                   Hex            #......      26%         1    None
 Freeze                   Ice            #...         26%         1    None
 Sting                    Conj/Pois      #...         26%         1    None
 Ozocubu's Armour         Chrm/Ice       ##......     26%         3    #......
 Spectral Weapon          Hex/Chrm       ##......     26%         3    #......
 Ensorcelled Hibernation  Hex/Ice        #.....       36%         2    None
 Poisonous Vapours        Pois/Air       #.....       36%         2    None
 Sticks to Snakes         Tmut           #.......     36%         2    None
 Throw Frost              Conj/Ice       #.....       36%         2    None
 Confuse                  Hex            #.......     58%         3    #......
 Dazzling Spray           Conj/Hex       #.....       58%         3    #......
 Mephitic Cloud           Conj/Pois/Air  #.......     58%         3    #......
 Recall                   Summ/Tloc      N/A          58%         3    #......
 Spider Form              Tmut/Pois      #.........   58%         3    #......
 Tukima's Dance           Hex            #.......     58%         3    #......
 Ice Form                 Ice/Tmut       #.......     94%         4    ###....
 Olgreb's Toxic Radiance  Pois           #.......     94%         4    ###....
 Summon Ice Beast         Ice/Summ       #.......     94%         4    ###....
 Throw Icicle             Conj/Ice       #.......     94%         4    ###....
 Bolt of Draining         Conj/Necr      ####......   26%         5    #####..
 Simulacrum               Ice/Necr       ####......   80%         6    ######.
 Borgnjor's Revivificati  Necr           ######....   91%         8    #######
 Infestation              Necr           ######....   91%         8    #######
 Bolt of Magma            Conj/Fire/Erth ###.......   93%         5    #####..
 Iskenderun's Battlesphe  Conj/Chrm      ##......     94%         5    #####..
 Blade Hands              Tmut           #.........   100%        5    #####..
 Irradiate                Conj/Tmut      #.........   100%        5    #####..
 Venom Bolt               Conj/Pois      #.........   100%        5    #####..
 Hydra Form               Tmut           #.........   100%        6    ######.
 Iron Shot                Conj/Erth      ###.......   100%        6    ######.
 Statue Form              Tmut/Erth      ###......    100%        6    ######.
 Dragon Form              Tmut           #.........   100%        7    #######
 Haunt                    Necr/Summ      ####......   100%        7    #######
 Orb of Destruction       Conj           #.........   100%        7    #######
 Spellforged Servitor     Conj/Summ      #.........   100%        7    #######
 Death's Door             Chrm/Necr      #####.....   100%        8    #######
 Necromutation            Tmut/Necr      ####......   100%        8    #######


Dungeon Overview and Level Annotations

Branches:
Dungeon (15/15)            Temple (0/1) D:7            Lair (6/6) D:11
  Swamp (4/4) Lair:4       Spider (3/4) Lair:4        Slime (0/5) Lair:6
    Orc (2/2) D:11            Elf (0/3) Orc:2        Vaults (3/5) D:13
 Depths (0/5) D:15
  Crypt: Vaults:2-3

Altars:
Ashenzari
Dithmenos
Elyvilon
Fedhas
Hepliaklqana
Kikubaaqudgha
Makhleb
Qazlal
Ru
Trog
Uskayaw
Vehumet
Wu Jian
Xom
Yredelemnul
Beogh
Jiyva

Shops:
D:4 }   D:8 *   D:14 :*!*!   D:15 *   Orc:2 [(((*   Vaults:1 [

Portals:
Trove: D:11 (show abyssal rune of Zot)

Annotations:
D:2 exclusion: 2 downstairs
D:9 exclusion: door
D:10 exclusion: downstairs
Lair:2 exclusion: downstairs
Vaults:2 exclusion: door


Message History

The zombie hands constrict the tengu reaver.
The tengu reaver hits you but does no damage.
The tengu reaver pecks you.
* * * LOW HITPOINT WARNING * * *
The tengu reaver misses you.
The yaktaur struggles to escape constriction.
Unknown command.
The zombie hands lose their grip on something.
The zombie hands constrict the yaktaur! x2
The zombie hands constrict the tengu reaver.
The yaktaur struggles to escape constriction.
The tengu reaver struggles to escape constriction.
The yaktaur struggles to escape constriction. x2
The zombie hands lose their grip on something.
The zombie hands constrict the yaktaur!
The zombie hands constrict the tengu reaver!
The tengu reaver points at you and mumbles some strange words.
The bolt of magma hits you!! You partially resist.
You die...
Kikubaaqudgha rasps: "You have failed me!
Welcome... death!"

.?.........#
...........#
.).).......#
...........#
((...(cc...#
..(.(.pQ..*#
########.(.#
#..(# #@..#
#...# #...#
#...# #...#
#...# #...#
#...# #...#


You could see a tengu reaver, a yaktaur and a battlesphere.

Vanquished Creatures
  Arachne (Spider:2)
  Jorgrun (Orc:2)
  Kirke (Lair:6)
  A sphinx (Vaults:1)
  A thorn hunter (Swamp:3)
  6 vault wardens
  An orc warlord (Orc:2)
  2 very ugly things (Swamp:4)
  2 ironheart preservers (Vaults:2)
  2 entropy weavers
  A stone giant (Vaults:2)
  Azrael (D:13)
  2 eidola (Vaults:2)
  A fire dragon (Vaults:2)
  A green death (Swamp:4)
  A yaktaur captain (Vaults:2)
  3 hydras
  A jiangshi (Vaults:2)
  A rakshasa (Vaults:1)
  2 great orbs of eyes
  5 ogre magi
  5 vault guards
  4 centaur warriors
  A shambling mangrove (Swamp:4)
  4 death knights
  A two-headed ogre (shapeshifter) (D:15)
  14 two-headed ogres
  9 alligators
  A catoblepas (Lair:6)
  A tengu warrior (D:14)
  A queen ant (Spider:3)
  8 death yaks (Lair:6)
  Urug (D:13)
  A deep elf knight (D:13)
  5 spriggans
  5 skeletal warriors
  2 unseen horrors
  2 spriggan druids
  2 wizards (Vaults:2)
  2 swamp dragons
  Pikel (D:6)
  6 orc knights
  A harpy (Vaults:1)
  A wolf spider zombie (D:12)
  2 ironbrand convokers
  A phantasmal warrior (D:12)
  10 wolf spiders
  A necromancer (Lair:6)
  A mana viper (shapeshifter) (D:14)
  7 ugly things
  3 orc sorcerers
  2 cyclopes
  6 manticores
  3 deep elf magi
  An elephant (Lair:2)
  A guardian serpent (D:14)
  4 vault sentinels
  3 torpor snails
  12 spiny frogs
  A black mamba (Lair:5)
  A gargoyle (D:13)
  A rime drake (Lair:5)
  18 yaktaurs
  A kobold demonologist (D:13)
  2 freezing wraiths
  2 tengu conjurers
  3 komodo dragons
  4 trolls
  A demonic crawler (Spider:3)
  2 polar bears
  A troll (shapeshifter) (Vaults:1)
  17 jumping spiders
  2 jumping spiders (shapeshifter) (D:15)
  4 tyrant leeches
  5 hornets
  A blink frog (shapeshifter) (Vaults:1)
  20 slime creatures
  3 bog bodies
  3 dream sheep
  7 hippogriffs
  6 blink frogs (Lair:6)
  A fire giant simulacrum (Vaults:1)
  A shadow (Swamp:4)
  A tarantella (shapeshifter) (D:15)
  8 tarantellas
  A vampire (D:13)
  4 wyverns
  2 wraiths (D:12)
  2 fire elementals (D:13)
  16 redbacks
  6 hogs (Lair:6)
  A fire bat (shapeshifter) (Vaults:2)
  8 vampire mosquitoes
  52 yaks
  3 hungry ghosts
  A large abomination (Swamp:4)
  A basilisk (Lair:4)
  10 swamp worms
  4 wargs (Orc:2)
  Menkaure (D:7)
  5 insubstantial wisps
  3 acid dragons
  2 soldier ants (Spider:3)
  Duvessa (D:7)
  6 hell hounds (D:13)
  9 water moccasins
  2 porcupines
  3 black bears
  5 ice beasts
  35 orc warriors
  6 swamp drakes
  6 sky beasts
  3 slaves (D:6)
  8 boggarts
  2 eyes of draining
  A phantom (D:10)
  18 ogres
  11 centaurs
  8 crocodiles
  5 big kobolds
  18 bullfrogs
  2 earth elementals (D:15)
  A glowing shapeshifter simulacrum (Vaults:1)
  A gnoll sergeant (Orc:1)
  7 scorpions
  Dowan (D:7)
  23 wights
  7 killer bees
  4 howler monkeys
  An electric eel (Lair:2)
  A vampire bat (D:4)
  7 crimson imps
  5 centaur zombies
  3 bullfrog zombies
  4 jellies
  16 orc priests
  Crazy Yiuf (D:4)
  A gnoll shaman (D:4)
  4 hounds
  33 orc wizards
  4 bullfrog skeletons
  7 centaur skeletons
  Jessica (D:3)
  Terence (D:2)
  Natasha (thrice) (D:2)
  2 iguanas (D:11)
  21 worker ants
  2 yak simulacra (Lair:6)
  5 hell rats (Lair:5)
  A polar bear simulacrum (Lair:6)
  3 wolf simulacra (Lair:6)
  A hound zombie (D:5)
  2 hound skeletons
  18 adders
  12 gnolls
  A howler monkey skeleton (D:8)
  8 shadow imps
  An ooze (D:1)
  2 worms (D:9)
  2 dart slugs
  12 leopard geckos
  97 orcs
  2 ball pythons
  10 bats
  6 bat zombies (D:4)
  5 giant cockroaches
  6 goblins
  10 hobgoblins
  6 jackals
  8 kobolds
  A quokka (shapeshifter) (D:15)
  9 quokkas
  6 frilled lizards
  A jackal zombie (D:6)
  2 leopard gecko skeletons
  A quokka zombie (D:5)
  9 rats
  4 river rat simulacra (Lair:6)
  A fungus (Lair:5)
972 creatures vanquished.

Vanquished Creatures (collateral kills)
  Bai Suzhen (Swamp:4)
  2 tentacled monstrosities (Swamp:4)
  Frances (D:13)
  Donald (Spider:3)
  A vault warden (Vaults:2)
  Aizul (Spider:2)
  A very ugly thing (Vaults:1)
  3 entropy weavers (Spider:3)
  A spark wasp (Spider:1)
  A green death (Swamp:4)
  An ogre mage (Vaults:2)
  A yaktaur captain (Vaults:1)
  8 hydras (Swamp:4)
  2 centaur warriors
  2 catoblepae (Lair:6)
  A death yak (Lair:6)
  7 alligators
  10 two-headed ogres
  An orc high priest (Orc:2)
  2 skeletal warriors (Vaults:1)
  An unseen horror (Vaults:1)
  An unseen horror (shapeshifter) (D:15)
  A spriggan druid (Swamp:4)
  A flayed ghost (Vaults:1)
  A swamp dragon (Swamp:1)
  A large abomination (Swamp:4)
  17 wolf spiders
  8 orb spiders
  An ironbrand convoker (Vaults:2)
  5 ugly things
  2 cyclopes
  A manticore (D:11)
  3 elephants (Lair:2)
  2 vault sentinels (Vaults:2)
  A torpor snail (Spider:1)
  Joseph (D:10)
  4 spiny frogs
  A gargoyle (D:10)
  3 orange demons (Swamp:4)
  A komodo dragon (Lair:2)
  A freezing wraith (Vaults:1)
  7 yaktaurs
  6 demonic crawlers
  A tengu conjurer (D:14)
  12 jumping spiders
  10 tyrant leeches
  5 hornets
  3 blink frogs (Lair:6)
  A hornet (shapeshifter) (Vaults:2)
  9 slime creatures
  11 bog bodies
  2 dream sheep
  2 hippogriffs
  30 redbacks
  A shadow (Swamp:4)
  5 spriggans
  12 tarantellas
  A hog (Lair:6)
  4 yaks
  A wraith (D:12)
  A basilisk (Lair:6)
  5 vampire mosquitoes
  9 insubstantial wisps (Swamp:4)
  7 swamp worms
  8 soldier ants (Spider:3)
  An acid dragon (D:13)
  A water moccasin (Lair:6)
  2 orc warriors
  6 ogres
  5 centaurs
  A crocodile (Lair:5)
  A wyvern skeleton (D:14)
  A wyvern zombie (D:13)
  A scorpion (D:10)
  An electric eel (Spider:2)
  3 wights (D:10)
  A quasit (D:12)
  2 orc priests
  A bullfrog skeleton (D:13)
  9 worker ants (Spider:3)
  A polar bear simulacrum (Lair:6)
  12 orcs
  A fungus (Lair:6)
  3 plants
311 creatures vanquished.

Vanquished Creatures (others)
  A cyclops (D:15)
  A yaktaur (Vaults:1)
  2 centaurs (D:12)
  An orc priest (Orc:2)
  A briar patch (Swamp:3)
  A fungus (Lair:3)
  15 plants
22 creatures vanquished.

Grand Total: 1305 creatures vanquished

Notes
Turn   | Place    | Note
-------+----------+-------------------------------------------
     0 | D:1      | snorg the Hill Orc Monk began the quest for the Orb.
     0 | D:1      | Reached XP level 1. HP: 19/19 MP: 1/1
   194 | D:1      | Reached XP level 2. HP: 26/26 MP: 2/2
   279 | D:1      | Reached skill level 1 in Armour
   547 | D:1      | Reached skill level 5 in Axes
   567 | D:1      | Reached XP level 3. HP: 30/31 MP: 3/3
  1071 | D:2      | Found a bloodstained altar of Trog.
  1217 | D:2      | Noticed Terence
  1240 | D:2      | Killed Terence
  1240 | D:2      | Reached skill level 1 in Shields
  1240 | D:2      | Reached XP level 4. HP: 25/39 MP: 4/4
  1661 | D:2      | Noticed Natasha
  1669 | D:2      | Killed Natasha
  1669 | D:2      | Reached skill level 6 in Axes
  1956 | D:2      | Reached XP level 5. HP: 45/45 MP: 5/5
  1963 | D:2      | Noticed Natasha
  1969 | D:2      | Killed Natasha
  2090 | D:2      | Noticed Natasha
  2096 | D:2      | Killed Natasha
  2149 | D:3      | Noticed Jessica
  2211 | D:2      | Reached skill level 1 in Throwing
  2623 | D:3      | Found a shimmering altar of Xom.
  2746 | D:3      | Reached XP level 6. HP: 51/51 MP: 6/6
  3027 | D:3      | Killed Jessica
  3114 | D:3      | Found a shimmering altar of Xom.
  3115 | D:3      | Found a shimmering altar of Xom.
  3117 | D:3      | Found a shimmering altar of Xom.
  3117 | D:3      | Found a shimmering altar of Xom.
  3272 | D:3      | Found a shimmering altar of Xom.
  3273 | D:3      | Found a shimmering altar of Xom.
  3344 | D:4      | Reached skill level 7 in Axes
  3699 | D:4      | Found a shadowy altar of Dithmenos.
  3833 | D:4      | Reached XP level 7. HP: 45/57 MP: 7/7
  4312 | D:4      | Reached skill level 8 in Axes
  4326 | D:4      | Found an ancient bone altar of Kikubaaqudgha.
  4340 | D:4      | Became a worshipper of Kikubaaqudgha
  4340 | D:4      | Reached * piety under Kikubaaqudgha
  4340 | D:4      | Identified Kikubaaqudgha's Catalogue of Evil (Kikubaaqudgha
                  | gifted it to you on level 4 of the Dungeon)
  4340 | D:4      | Received a gift from Kikubaaqudgha
  4340 | D:4      | Reached ** piety under Kikubaaqudgha
  4344 | D:4      | Learned a level 1 spell: Animate Skeleton
  4346 | D:4      | Learned a level 1 spell: Pain
  4350 | D:4      | Learned a level 3 spell: Vampiric Draining
  4560 | D:4      | Found a runed translucent door.
  4561 | D:4      | Noticed Crazy Yiuf
  4588 | D:4      | Found Qoiheiz's Gadget Emporium.
  4684 | D:5      | Entered Level 5 of the Dungeon
  5012 | D:5      | Reached skill level 1 in Necromancy
  5270 | D:4      | Reached XP level 8. HP: 64/64 MP: 8/8
  5349 | D:5      | Reached skill level 9 in Axes
  6409 | D:5      | Reached skill level 10 in Axes
  6786 | D:6      | Found a white marble altar of Elyvilon.
  6906 | D:6      | Found a stormy altar of Qazlal.
  7586 | D:6      | Reached XP level 9. HP: 71/71 MP: 9/9
  8127 | D:6      | Reached skill level 11 in Axes
  8534 | D:6      | Reached *** piety under Kikubaaqudgha
  8534 | D:6      | Identified Kikubaaqudgha's Collected Works on Black Rites
                  | (Kikubaaqudgha gifted it to you on level 6 of the Dungeon)
  8534 | D:6      | Received a gift from Kikubaaqudgha
  8873 | D:6      | Reached skill level 5 in Fighting
  8959 | D:7      | Learned a level 3 spell: Regeneration
  9189 | D:4      | Killed Crazy Yiuf
  9328 | D:7      | Noticed Pikel
  9491 | D:6      | Killed Pikel
  9491 | D:6      | Reached skill level 12 in Axes
  9491 | D:6      | Reached skill level 5 in Armour
  9786 | D:7      | Noticed Menkaure
  9794 | D:7      | Killed Menkaure
  9794 | D:7      | Reached skill level 1 in Charms
  9794 | D:7      | Reached skill level 5 in Necromancy
  9797 | D:7      | Noticed a +0 hand axe
  9797 | D:7      | Noticed a +0 hand axe
  9798 | D:7      | Found a hide-covered altar of Uskayaw.
 10224 | D:7      | Noticed Dowan
 10268 | D:7      | Killed Dowan
 10289 | D:7      | Reached skill level 1 in Evocations
 10350 | D:7      | Found a staircase to the Ecumenical Temple.
 10372 | D:7      | Reached XP level 10. HP: 81/81 MP: 10/10
 10478 | D:7      | Noticed Duvessa
 10500 | D:7      | Killed Duvessa
 10500 | D:7      | Reached skill level 13 in Axes
 10901 | D:8      | Got a warped robe
 10918 | D:7      | Identified the cursed +0 robe "Gufeed" {rPois Int+2 Stlth+}
                  | (You found it on level 8 of the Dungeon)
 10950 | D:8      | Found a shattered altar of Ashenzari.
 11542 | D:8      | Found Posox's Elemental Accessories.
 12109 | D:8      | Found a shattered altar of Ashenzari.
 12119 | D:8      | Found a hazy altar of Hepliaklqana.
 12122 | D:8      | Found a radiant altar of Vehumet.
 12125 | D:8      | Found a basalt altar of Yredelemnul.
 12245 | D:9      | Got a jewelled chain mail
 12261 | D:8      | Identified the +2 chain mail "Cekhih Dufu" {rC+++ rN+ Int-3
                  | Slay+2} (You found it on level 9 of the Dungeon)
 12280 | D:9      | Noticed a moth of wrath
 12282 | D:9      | Found a bloodstained altar of Trog.
 12474 | D:9      | Found a white marble altar of Elyvilon.
 12652 | D:9      | Reached **** piety under Kikubaaqudgha
 12787 | D:9      | Reached skill level 14 in Axes
 13023 | D:9      | Found a blossoming altar of Fedhas.
 13167 | D:9      | Reached skill level 1 in Spellcasting
 13264 | D:9      | Reached XP level 11. HP: 77/86 MP: 10/13
 13436 | D:9      | Found a burning altar of Makhleb.
 13436 | D:9      | Noticed an Executioner
 13703 | D:9      | Reached skill level 15 in Axes
 13726 | D:9      | Noticed a three-headed hydra
 14234 | D:9      | Learned a level 4 spell: Animate Dead
 14334 | D:10     | Entered Level 10 of the Dungeon
 14502 | D:10     | Noticed a two-headed ogre
 14510 | D:10     | Killed a two-headed ogre
 14984 | D:10     | Reached ***** piety under Kikubaaqudgha
 14989 | D:10     | Noticed Joseph
 15004 | D:10     | Killed Joseph
 15545 | D:10     | Reached skill level 16 in Axes
 16487 | D:11     | Noticed a manticore
 16504 | D:11     | Killed a manticore
 16625 | D:11     | Noticed a manticore
 16638 | D:11     | Killed a manticore
 16798 | D:11     | Noticed a manticore
 16840 | D:11     | Killed a manticore
 16905 | D:11     | Noticed a vault guard
 16952 | D:11     | Killed a vault guard
 16952 | D:11     | Reached XP level 12. HP: 49/100 MP: 1/14
 17207 | D:11     | Found a staircase to the Lair.
 17601 | D:11     | Found a staircase to the Orcish Mines.
 18005 | D:11     | Found a portal to a secret trove of treasure.
 18346 | Lair:1   | Entered Level 1 of the Lair of Beasts
 20474 | Lair:3   | Noticed an eight-headed hydra
 20656 | Lair:3   | Killed an eight-headed hydra
 21133 | Lair:3   | Got a transparent leather armour
 21193 | Lair:3   | Identified the cursed +1 leather armour of Understanding
                  | {Str-5 Int+4} (You found it on level 3 of the Lair of
                  | Beasts)
 21585 | Lair:4   | Found a sacrificial altar of Ru.
 21712 | Lair:4   | Found a staircase to the Swamp.
 21718 | Lair:4   | Reached XP level 13. HP: 81/110 MP: 9/15
 22143 | Lair:4   | Found a hole to the Spider Nest.
 22468 | Lair:5   | You fall into a shaft and drop 1 floor!
 22468 | Lair:6   | Entered Level 6 of the Lair of Beasts
 22521 | Lair:5   | Got a scintillating crystal amulet
 22522 | Lair:5   | Identified the amulet "Winocoz" {Reflect rC+ MR+ Str+3
                  | Dex+2 SH+2} (You found it on level 5 of the Lair of Beasts)
 22597 | Lair:5   | You fall into a shaft and drop 1 floor!
 22597 | Lair:6   | Found a staircase to the Slime Pits.
 22597 | Lair:6   | Found a viscous altar of Jiyva.
 22612 | Lair:6   | Reached skill level 10 in Necromancy
 22685 | Lair:6   | Noticed Kirke
 22708 | Lair:6   | Reached skill level 10 in Armour
 22709 | Lair:6   | Killed Kirke
 22709 | Lair:6   | Reached skill level 10 in Fighting
 22804 | Lair:6   | Reached skill level 5 in Charms
 24270 | Lair:6   | Reached XP level 14. HP: 85/124 MP: 13/19
 24597 | Lair:5   | Got a brightly glowing ivory ring
 24673 | Lair:5   | Learned a level 5 spell: Dispel Undead
 24735 | Lair:5   | Identified the ring of Gozag's Supremacy {rF+ rC- rN+
                  | Int+3} (You found it on level 5 of the Lair of Beasts)
 24774 | Lair:5   | Identified a scroll of acquirement
 26387 | Orc:1    | Entered Level 1 of the Orcish Mines
 26503 | Orc:2    | Entered Level 2 of the Orcish Mines
 26746 | Orc:2    | Noticed Jorgrun
 26774 | Orc:2    | Killed Jorgrun
 26774 | Orc:2    | Reached skill level 5 in Spellcasting
 26797 | Orc:2    | Learned a level 6 spell: Death Channel
 27050 | Orc:2    | Reached ****** piety under Kikubaaqudgha
 27061 | Orc:2    | Received a gift from Kikubaaqudgha
 27158 | Orc:2    | Found a roughly hewn altar of Beogh.
 27158 | Orc:2    | Found Enoexobb's Weapon Shop.
 27246 | Orc:2    | Found a staircase to the Elven Halls.
 27293 | Orc:2    | Found Akitz's Weapon Shop.
 27343 | Orc:2    | Found a roughly hewn altar of Beogh.
 27485 | Orc:2    | Found a roughly hewn altar of Beogh.
 27592 | Orc:2    | Found a roughly hewn altar of Beogh.
 27601 | Orc:2    | Found Yfemoalo's Assorted Antiques.
 27669 | Orc:2    | Found a roughly hewn altar of Beogh.
 27756 | Orc:2    | Found a roughly hewn altar of Beogh.
 27788 | Orc:2    | Noticed an orc warlord
 27812 | Orc:2    | Killed an orc warlord
 27874 | Orc:2    | Found Sath's Antique Armour Boutique.
 27875 | Orc:2    | Found a roughly hewn altar of Beogh.
 27876 | Orc:2    | Found Ytiommu's Antique Weapon Shop.
 27961 | Orc:2    | Bought a translucent scale mail for 180 gold pieces
 27971 | Orc:2    | Identified the +1 scale mail of the Morning Star {Slay+6}
                  | (You bought it in a shop on level 2 of the Orcish Mines)
 28721 | D:13     | Noticed Urug
 28739 | D:13     | Killed Urug
 29283 | D:13     | Noticed Azrael
 29313 | D:13     | Reached XP level 15. HP: 97/134 MP: 17/24
 29327 | D:13     | Killed Azrael
 29411 | D:13     | Found a blossoming altar of Fedhas.
 29662 | D:13     | Noticed Frances
 29698 | D:13     | Killed Frances
 29772 | D:13     | Found a gate to the Vaults.
 30023 | D:14     | Found Buefylae's Distillery.
 30063 | D:14     | Bought a potion of cancellation for 112 gold pieces
 30063 | D:14     | Bought a potion of heal wounds for 70 gold pieces
 30063 | D:14     | Bought a potion of curing for 42 gold pieces
 30063 | D:14     | Bought a potion of curing for 42 gold pieces
 30266 | D:14     | Found Mihugeof's Assorted Antiques.
 30269 | D:14     | Found Ozawom's Book Boutique.
 30275 | D:14     | Bought a potion of heal wounds for 120 gold pieces
 30300 | D:14     | Found Nyij's Distillery.
 30418 | D:14     | Found Sisecwe's Assorted Antiques.
 30422 | D:14     | Bought an embroidered cloak for 255 gold pieces
 30739 | D:14     | Learned a level 5 spell: Borgnjor's Vile Clutch
 30962 | D:15     | Entered Level 15 of the Dungeon
 31039 | D:14     | Reached skill level 1 in Earth Magic
 31959 | D:15     | Found Icihon's Pet Rocks.
 32744 | D:15     | Found a staircase to the Depths.
 33024 | Swamp:1  | Entered Level 1 of the Swamp
 33080 | Swamp:1  | HP: 4/135 [alligator[an alligator] (15)]
 33609 | Swamp:1  | Reached skill level 5 in Earth Magic
 33652 | Swamp:1  | Got a sparkling steel ring
 33763 | Swamp:1  | Identified the ring "Pioklipn" {*Tele *Corrode Str+4 Int+4}
                  | (You found it on level 1 of the Swamp)
 34130 | Swamp:1  | Reached XP level 16. HP: 144/145 MP: 13/26
 35043 | Swamp:3  | Noticed a thorn hunter
 35059 | Swamp:3  | Killed a thorn hunter
 35512 | Swamp:3  | Got a transparent ring mail
 35840 | Lair:1   | Identified the cursed +1 ring mail of Tartarus {rF+ rC-
                  | Str+2 Int+4} (You found it on level 3 of the Swamp)
 35895 | Lair:1   | Learned a level 2 spell: Sublimation of Blood
 35979 | Spider:1 | Entered Level 1 of the Spider Nest
 36706 | Spider:1 | Got a brightly glowing plate armour
 36865 | Spider:1 | Identified the cursed +0 plate armour of Parts Unknown
                  | {+Inv +Fly} (You found it on level 1 of the Spider Nest)
 37057 | Spider:2 | Noticed Arachne
 37069 | Spider:2 | Killed Arachne
 37070 | Spider:2 | Noticed Aizul
 37079 | Spider:2 | Killed Aizul
 37616 | Spider:3 | Noticed Donald
 37652 | Spider:3 | Killed Donald
 37839 | Spider:2 | Learned a level 3 spell: Vampiric Draining
 37906 | Spider:3 | Reached XP level 17. HP: 136/154 MP: 29/29
 38764 | Swamp:4  | Entered Level 4 of the Swamp
 39154 | Swamp:4  | Noticed Bai Suzhen
 39317 | Swamp:4  | Killed Bai Suzhen
 39330 | Swamp:4  | Reached skill level 15 in Fighting
 39662 | Swamp:4  | Noticed a tentacled monstrosity
 39670 | Swamp:4  | Killed a tentacled monstrosity
 39711 | Swamp:4  | Reached skill level 15 in Necromancy
 39731 | Swamp:4  | Found an ornate altar of the Wu Jian Council.
 39879 | Swamp:4  | Reached skill level 17 in Axes
 39884 | Swamp:4  | Noticed a tentacled monstrosity
 39906 | Swamp:4  | Killed a tentacled monstrosity
 39953 | Swamp:4  | Got a decaying rune of Zot
 40439 | Vaults:1 | Entered Level 1 of the Vaults
 40778 | Vaults:1 | Noticed a sphinx
 40802 | Vaults:1 | Killed a sphinx
 40894 | Vaults:1 | Found Arux Tept's Antique Armour Emporium.
 40934 | Vaults:1 | Reached skill level 18 in Axes
 41424 | Vaults:1 | Reached XP level 18. HP: 44/163 MP: 11/30
 42106 | Vaults:2 | Reached skill level 15 in Armour
 43177 | Vaults:1 | Bought warped ice dragon scales for 2210 gold pieces
 43187 | Vaults:1 | Identified the +5 ice dragon scales of Kuarimiu {rF- rC++
                  | Dex+3 Slay+3 Stlth-} (You bought it in a shop on level 1 of
                  | the Vaults)
 43772 | Vaults:3 | Killed from afar by a tengu reaver

Levels and vault maps discovered:
D:1:      minmay_arrival_four_circles, layout_rooms
D:2:      cheibrodos_greedy_goblins, layout_basic, old_standard_altar,
          serial_glass, glass_columns_a, glass_columns_b, glass_columns_c,
          glass_columns_a, glass_columns_b, glass_columns_c, glass_columns_a,
          glass_columns_b, glass_columns_a, glass_columns_a, glass_columns_a,
          glass_columns_a, glass_columns_b, glass_columns_a, dk_noncrumbling_3,
          uniq_terence, uniq_natasha
D:3:      layout_rooms, xom_redecorated, kennysheep_flooded_box, uniq_jessica
D:4:      layout_rooms, kennysheep_vampire_church, kennysheep_mini,
          serial_shops, shop, kennysheep_nondescript, minmay_between,
          uniq_crazy_yiuf_cottage
D:5:      layout_loops_ring, first_ration
D:6:      layout_cave_pools, nicolae_qazlal_general_emergency, basic_altar
D:7:      layout_basic, dancing_weapons_uskayaw,
          minmay_temple_entry_drinking_statues, uniq_menkaure, uniq_duvessa,
          uniq_pikel
D:8:      kennysheep_blocky_room, layout_rooms,
          grunt_temple_overflow_cloverleaf, basic_altar, nicolae_elemental_shop
D:9:      layout_roguey, elyvilon_altar_1, makhleb_altar_promises_db,
          lemuel_crystal_altar, hangedman_ranch [blue_anna_fruit_fields],
          tgw_trog
D:10:     layout_basic, uniq_joseph
D:11:     layout_loops_corners, david_lair_shrubbed, orc_0_dummy, enter_trove_5,
          eino_tiny_chamber
D:12:     layout_big_octagon
D:13:     layout_roguey, hangedman_vaults_entry_quadrant_bands, fedhas_altar_2,
          uniq_urug, uniq_azrael, uniq_frances
D:14:     layout_basic, serial_shops, shop, nicolae_shop_waterfront, shop,
          kennysheep_mini_moat, shop, chequers_serial_rivers_micro_c,
          nrook_guardian_serpent_ordinary
D:15:     gammafunk_enter_depths_forms, layout_cave_pools,
          minmay_misc_feat_diagonals, guppyfry_shop_earth
Lair:1:   layout_chaotic_city, grunt_megastairs_4
Lair:2:   layout_chaotic_city, nicolae_quartered_pool_super,
          chequers_serial_rivers_large_b, grunt_megastairs_2
Lair:3:   layout_regular_city
Lair:4:   layout_regular_city, skrybe_swamp_entry_bodies,
          spider_nest_entry_webs, basic_altar, minivault_27,
          chequers_serial_rivers_micro_c, st_stairs_3
Lair:5:   layout_regular_city, chequers_serial_rivers_micro_d
Lair:6:   evilmike_catoblepas_cave, layout_regular_city, slime_altar_1,
          eino_house_with_fridge, uniq_kirke
Swamp:1:  layout_falls_marsh, nicolae_swamp_dense_foliage, swamp_pool5,
          worms_lemuel
Swamp:2:  layout_basic_swamp, serial_swamp_ruin, evilmike_swamp_ruin_house_3,
          hangedman_swamp_ruin_hall, swamp_pool5
Swamp:3:  layout_falls_marsh, evilmike_swamp_ruin_rubble_1
Swamp:4:  swamp_vile, layout_basic_swamp, ldierk_geyser, swamp_pool1,
          hangedman_swamp_blocks, nicolae_swamp_godswood, uniq_bai_suzhen
Spider:1: layout_spider_delve
Spider:2: layout_spider_delve, uniq_aizul, uniq_arachne
Spider:3: layout_spider_delve, minmay_another_anthill, uniq_donald
Orc:1:    layout_diamond_mine
Orc:2:    grunt_orc_community_town_hall, layout_caves,
          grunt_orc_community_big_house_1, grunt_orc_community_big_house_2,
          grunt_orc_community_house_2, grunt_orc_community_house_3,
          grunt_orc_community_house_1, grunt_orc_community_house_1,
          grunt_orc_community_house_3, serial_shops, shop, sword_in_stone,
          uniq_jorgrun
Vaults:1: nicolae_vaults_triangles, v_misc_17, hangedman_vaults_stagger,
          hangedman_vaults_stitches, nicolae_vaults_little_squares_4,
          ontoclasm_vaults_hangar, nicolae_vaults_back_hallway,
          ontoclasm_vaults_ring_large, nicolae_vaults_asterisk,
          vaults_room_hallway, v_misc_8, serial_ice_b, v_misc_11,
          vaults_room_corners, st_check, layout_vaults_maze_bifur, serial_shops,
          shop_fountains
Vaults:2: dpeg_vaults_monster_row, nicolae_vaults_puzzle_piece,
          minmay_crypt_entry_simple_box, nicolae_vaults_circle_grid_a,
          v_misc_22, grunt_vaults_bifocal, ontoclasm_vaults_bender,
          vaults_dpeg_doors, v_misc_5, v_alt_pattern_4, vaults_mumra_hex,
          vaults_mumra_minichess, nicolae_vaults_shelves_hall,
          vaults_standard_mumra_x, layout_vaults_big_cross
Vaults:3: ebering_vaults_ghost_gozag, nicolae_vaults_stairing_the_circle,
          v_misc_19, nicolae_vaults_network_star,
          hangedman_vaults_corner_blocks, hangedman_vaults_snaps,
          ontoclasm_vaults_chip, vaults_dpeg_cross, v_pattern_5,
          nicolae_vaults_mini_display_case, vaults_dpeg_diagonal,
          layout_vaults_quadrants, serial_shops, nicolae_shop_behind_doors

Skill      XL: |  1  2  3  4  5  6  7  8  9 10 11 12 13 14 15 16 17 18 |
---------------+-------------------------------------------------------+-----
Armour         | 1 2 3 5 9 10 11 12 14 15 | 15.0
Axes           | 5 6 7 8 10 12 14 16 18 | 18.0
Shields        | 1 2 3 4 |  4.0
Throwing       | 1 2 3 |  3.0
Necromancy     | 1 3 5 7 9 11 12 13 14 15 16 | 16.1
Fighting       | 4 5 7 9 11 13 14 15 17 | 17.0
Charms         | 1 3 4 5 |  5.0
Evocations     | 1 3 |  3.0
Spellcasting   | 1 3 6 7 8 |  8.3
Dodging        | 3 4 |  4.0
Earth Magic    | 5 8 |  8.0
Stealth        | |  1.5

Action                   |  1- 3 |  4- 6 |  7- 9 | 10-12 | 13-15 | 16-18 || total
-------------------------+-------+-------+-------+-------+-------+-------++-------
Melee: Hand axe          |    46 |       |       |       |       |       ||    46
       War axe           |    36 |    64 |   284 |   604 |  1278 |   312 ||  2578
       Whip              |    11 |    42 |   251 |   274 |       |       ||   578
       Broad axe         |       |       |       |       |       |   436 ||   436
 Fire: Hunting sling     |       |   106 |    79 |   273 |       |       ||   458
Throw: Stone             |     2 |     2 |     8 |     1 |       |       ||    13
       Dart              |       |       |       |    19 |    79 |    99 ||   197
       Boomerang         |       |       |       |       |     8 |    28 ||    36
 Cast: Animate Skeleton  |       |       |     4 |    75 |    74 |    33 ||   186
       Regeneration      |       |       |       |   102 |   131 |   140 ||   373
       Pain              |       |       |       |    31 |    16 |     1 ||    48
       Animate Dead      |       |       |       |     9 |    31 |    39 ||    79
       Death Channel     |       |       |       |       |    38 |    73 ||   111
       Dispel Undead     |       |       |       |       |    16 |     4 ||    20
       Borgnjor's Vile C |       |       |       |       |     6 |    83 ||    89
       Sublimation of Bl |       |       |       |       |       |   149 ||   149
       Vampiric Draining |       |       |       |       |       |    12 ||    12
Invok: Receive Corpses   |       |       |       |     9 |       |     7 ||    16
       Torment           |       |       |       |     1 |       |       ||     1
       Receive Necronomi |       |       |       |       |     1 |       ||     1
Evoke: Wand              |       |       |     7 |    16 |     6 |    25 ||    54
       Sack of spiders   |       |       |       |       |       |     5 ||     5
       Box of beasts     |       |       |       |       |       |     1 ||     1
  Use: Scroll            |       |     5 |    10 |    17 |    11 |    14 ||    57
       Potion            |       |       |     3 |     3 |     2 |     8 ||    16
 Stab: Distracted        |       |       |       |     5 |    19 |    15 ||    39
       Sleeping          |       |       |       |     1 |       |       ||     1
  Eat: Chunk             |     1 |     8 |    19 |    59 |    88 |    93 ||   268
       Ration            |       |       |     1 |     4 |     4 |     8 ||    17
Armor: Leather armour    |     4 |       |       |       |       |       ||     4
       Ring mail         |    31 |     2 |       |     5 |       |       ||    38
       Chain mail        |       |    63 |   231 |    93 |   378 |   312 ||  1077
       Scale mail        |       |       |    36 |     3 |     4 |       ||    43
       Robe              |       |       |       |    55 |       |       ||    55
       Troll leather arm |       |       |       |    22 |       |       ||    22
       Skin              |       |       |       |     9 |       |       ||     9
       Ice dragon scales |       |       |       |       |       |    25 ||    25
Dodge: Dodged            |    62 |    60 |   179 |   381 |   397 |   298 ||  1377
Block: Buckler           |     7 |    19 |   137 |   188 |   407 |   262 ||  1020
       Reflection        |       |       |       |       |    34 |    19 ||    53
